 Dungeon Crawl Stone Soup version 0.27.1-33-g824d729ab1 (webtiles) character file.

Game seed: 17188316076793872347

121 rvierbuc the Chopper (level 4, -3/61 HPs)
             Began as a Minotaur Berserker on Dec 6, 2021.
             Was a Follower of Trog.
             Slain by Crazy Yiuf (5 damage)
             ... on level 2 of the Dungeon.
             The game lasted 00:03:33 (2385 turns).

rvierbuc the Chopper (Minotaur Berserker)           Turns: 2385, Time: 00:03:34

Health: -3/61      AC:  8    Str: 22    XL:     4   Next: 76%
Magic:  3/3        EV:  8    Int:  4    God:    Trog [*.....]
Gold:   80         SH:  0    Dex: 10    Spells: 3/3 levels left

rFire    . . .     SeeInvis .   a - +0 hand axe
rCold    . . .     Faith    .   (no shield)
rNeg     . . .     Spirit   .   g - +0 chain mail
rPois    .         Reflect  .   (helmet restricted)
rElec    .         Harm     .   (no cloak)
rCorr    .         Rampage  .   (no gloves)
Will     .....                  (no boots)
Stlth    ..........             (no amulet)
HPRegen  0.20/turn              (no ring)
MPRegen  0.08/turn              (no ring)

@: berserking, lethally poisoned (-3 -> -12), very quick
A: horns 2, retaliatory headbutt
a: Renounce Religion, Berserk


You were on level 2 of the Dungeon.
You worshipped Trog.
Trog was aware of your devotion.
You visited 1 branch of the dungeon, and saw 2 of its levels.

You collected 80 gold pieces.

Inventory:

Hand Weapons
 a - a +0 hand axe (weapon)
Armour
 b - a +0 animal skin
 g - a +0 chain mail (worn)
Scrolls
 c - 2 scrolls of identify {unknown}
 f - a scroll of fog {unknown}
 i - a scroll of fear {unknown}
Potions
 d - 2 potions of invisibility {unknown}
 e - a potion of heal wounds {unknown}
 h - a potion of ambrosia {unknown}


   Skills:
 + Level 4.9 Fighting
 + Level 5.2 Axes
 + Level 2.7 Armour
 + Level 2.7 Dodging
 + Level 0.4 Stealth


You had 3 spell levels left.
You didn't know any spells.
Your spell library was empty.

Dungeon Overview and Level Annotations

Branches:
Dungeon (2/15)

Altars:

Annotations:
D:2 Crazy Yiuf


Innate Abilities, Weirdness & Mutations

You have a pair of horns on your head.
You reflexively headbutt those who attack you in melee.


Message History

You slash the ball python!
You kill the ball python!
Trog accepts your kill.
No target in view!
You see here a ball python corpse.
A kobold comes into view. It is wielding a +0 short sword.
Found a glowing mace.
Found a runed translucent door.
The kobold shouts!
Crazy Yiuf shouts!
The kobold barely misses you. You furiously retaliate!
You headbutt the kobold!
You kill the kobold!
Trog accepts your kill.
No reachable target in view!
No reachable target in view!
No reachable target in view!
You see here a +0 short sword.
You see here a +0 short sword.
Crazy Yiuf says, "Gnoll!"
You see here a +0 short sword.
You open the door. You closely miss Crazy Yiuf.
Crazy Yiuf hits you with a +4 quarterstaff of chaos!
You are poisoned.
You hit Crazy Yiuf.
You headbutt Crazy Yiuf, but do no damage.
Crazy Yiuf is lightly wounded.
You feel very sick. Crazy Yiuf closely misses you.
You barely miss Crazy Yiuf.
Crazy Yiuf is lightly wounded.
You feel very sick.
Crazy Yiuf hits you with a +4 quarterstaff of chaos.
You are electrocuted!
* * * LOW HITPOINT WARNING * * *
A red film seems to cover your vision as you go berserk!
You feel yourself moving faster!
You feel mighty!
* * * LOW HITPOINT WARNING * * *
You feel very sick.
Crazy Yiuf hits you with a +4 quarterstaff of chaos.
You die...

......#
##..## #.#
#. ...#..#
#....#
#.#########.
.###..#
#....#
#........##.
)###..######
#...##
#.######.##.
...........#
##.## #.#
#.##.
####.#######
#.## #.#
#.##. #.#
##.# #.#
##.##. #.###
### #)##
#.#####...#.
#...# #.#
##@#
#.##........
##..###.#
#g#
#.##.##...##
##_#.>..#
...
#.†.#.##.##
###.#####
#...#
####.###.#
####...#
#..)#
########.#
......##
#####
#........#
####.#######
##########
#.......#
#########


You could see Crazy Yiuf.

Vanquished Creatures
  A howler monkey (D:2)
  Terence (D:2)
  2 adders (D:2)
  2 dart slugs (D:1)
  4 endoplasms (D:1)
  4 giant cockroaches
  3 goblins (D:1)
  3 hobgoblins (D:1)
  A quokka (D:1)
  6 ball pythons
  2 frilled lizards (D:1)
  6 kobolds
  A rat (D:1)
36 creatures vanquished.

Notes
Turn   | Place    | Note
-------+----------+-------------------------------------------
     0 | D:1      | rvierbuc the Minotaur Berserker began the quest for the
                  | Orb.
     0 | D:1      | Reached XP level 1. HP: 19/19 MP: 0/0
   317 | D:1      | Reached XP level 2. HP: 15/27 MP: 1/1
   324 | D:1      | Reached skill level 4 in Axes
   912 | D:1      | Reached XP level 3. HP: 34/34 MP: 2/2
  1145 | D:2      | Reached XP level 4. HP: 26/41 MP: 3/3
  1155 | D:2      | Noticed Terence
  1166 | D:2      | Killed Terence
  1167 | D:2      | Reached skill level 5 in Axes
  1947 | D:2      | Found a faded altar of an unknown god.
  2214 | D:2      | Found a runed translucent door.
  2215 | D:2      | Noticed Crazy Yiuf
  2385 | D:2      | HP: 2/61 [poisoned by Crazy Yiuf]
  2385 | D:2      | Slain by Crazy Yiuf

Illustrated notes

Levels and vault maps discovered:
D:1:      matt_arrival_grand_opening, layout_basic,
          chequers_serial_rivers_micro_e
D:2:      layout_loops_ring, ebering_ecumenical_altar_rust,
          uniq_crazy_yiuf_cottage, uniq_terence

Skill      XL: |  1  2  3  4 |
---------------+-------------+-----
Fighting       | 4 |  4.9
Axes           | 4 5 |  5.2
Armour         | |  2.7
Dodging        | |  2.7
Stealth        | |  0.4

Action                   |  1- 3 |  4- 6 || total
-------------------------+-------+-------++-------
Melee: Hand axe          |    45 |    31 ||    76
       Headbutt          |     7 |     4 ||    11
Invok: Berserk           |       |     2 ||     2
Armor: Animal skin       |     3 |     1 ||     4
       Chain mail        |       |    14 ||    14
Dodge: Dodged            |    26 |    10 ||    36
